 Dungeon Crawl Stone Soup version 0.30-a0-923-g828ccac5a3 (webtiles) character file.

Game seed: 13911500472523484426

5316 Qestes the Blocker (level 10, -1/93 HPs)
             Began as a Minotaur Fighter on Mar 20, 2023.
             Was an Elder of Okawaru.
             Succumbed to a cane toad's poison
             ... on level 1 of the Lair of Beasts on Mar 22, 2023.
             The game lasted 00:53:38 (7794 turns).

Qestes the Blocker (Minotaur Fighter)               Turns: 7794, Time: 00:53:38

Health: -1/93      AC: 13    Str: 25    XL:     10   Next: 37%
Magic:  8/8        EV:  8    Int:  5    God:    Okawaru [****..]
Gold:   630        SH: 12    Dex: 10    Spells: 9/9 levels left

rFire   . . .      SeeInvis .    a - +1 war axe (elec)
rCold   . . .      Faith    .    c - +1 buckler
rNeg    . . .      Spirit   .    B - +0 chain mail
rPois   .          Reflect  +    (helmet restricted)
rElec   .          Rampage  .    (no cloak)
rCorr   .          Rage     3%   (no gloves)
Will    .....                    l - +0 pair of boots Stlth
                                 i - amulet of reflection
HPRegen 0.35/turn                (no ring)
MPRegen 0.11/turn                (no ring)

@: lethally poisoned (-1 -> -38), hasted, very quick
A: horns 2, retaliatory headbutt, claws 1, berserk 1, low MP 1
a: Renounce Religion, Heroism, Finesse


You were on level 1 of the Lair of Beasts.
You worshipped Okawaru.
Okawaru was greatly pleased with you.
You visited 3 branches of the dungeon, and saw 11 of its levels.
You also visited: Ossuary.

You collected 770 gold pieces.
You spent 140 gold pieces at shops.

Inventory:

Hand Weapons
 a - a +1 war axe of electrocution (weapon)
Missiles
 f - a throwing net
 j - 5 javelins
 o - 73 stones (quivered)
 x - 13 poisoned darts
Armour
 b - a +0 scale mail
 c - a +1 buckler (worn)
 l - a +0 pair of boots (worn)
 B - a +0 chain mail (worn)
Magical Staves
 g - a staff of air
 m - a staff of conjuration
Jewellery
 i - an amulet of reflection (around neck)
 u - an amulet of regeneration
 y - a ring of fire
 I - an amulet of guardian spirit
Scrolls
 h - 2 scrolls of blinking
 q - a scroll of fear
 r - 2 scrolls of amnesia
 w - 4 scrolls of identify
 D - a scroll of noise
 G - a scroll of torment
 J - a scroll of teleportation
Potions
 d - 5 potions of might
 e - 2 potions of invisibility
 k - 3 potions of mutation
 n - 3 potions of attraction
 p - a potion of magic
 s - a potion of heal wounds
 t - a potion of curing
 v - a potion of haste
 z - 2 potions of brilliance
 E - a potion of berserk rage {unknown}
 F - 2 potions of resistance {unknown}
 H - a potion of lignification {unknown}


   Skills:
 + Level 10.0 Fighting
 + Level 9.6 Axes
 + Level 10.0 Armour
 + Level 10.0 Shields


You had 9 spell levels left.
You didn't know any spells.
Your spell library contained the following spells:

 Spells                   Type           Power      Damage    Failure   Level
 Ensorcelled Hibernation  Hex/Ice        0%         N/A       99%         2
 Dazzling Flash           Conj/Hex       0%         N/A       100%        3
 Inner Flame              Hex/Fire       0%         N/A       100%        3
 Spider Form              Tmut/Pois      0%         N/A       100%        3
 Anguish                  Hex/Necr       0%         N/A       100%        4
 Cause Fear               Hex            0%         N/A       100%        4
 Agony                    Necr           0%         N/A       100%        5
 Blade Hands              Tmut           0%         N/A       100%        5
 Silence                  Hex/Air        0%         N/A       100%        5
 Iron Shot                Conj/Erth      0%         9d1       100%        6
 Discord                  Hex            0%         N/A       100%        8
 Summon Small Mammal      Summ           Unusable   N/A       N/A         1
 Call Canine Familiar     Summ           Unusable   N/A       N/A         3
 Summon Guardian Golem    Hex/Summ       Unusable   N/A       N/A         3
 Animate Armour           Summ/Erth      Unusable   N/A       N/A         4

Dungeon Overview and Level Annotations

Branches:
Dungeon (9/15)             Temple (1/1) D:5            Lair (1/5) D:8
Ossuary (visited)
    Orc: D:9-12

Altars:
Ashenzari
Cheibriados
Elyvilon
Fedhas
Hepliaklqana
Kikubaaqudgha
Makhleb
Nemelex Xobeh
Okawaru
Qazlal
Ru
Sif Muna
Trog
Uskayaw
Vehumet
Yredelemnul
Zin
The Shining One

Shops:
D:4 *[(   D:6 !   D:8 [

Annotations:
D:7 1 runed translucent door, Crazy Yiuf
Lair:1 Urug


Innate Abilities, Weirdness & Mutations

You have a pair of horns on your head.
You reflexively headbutt those who attack you in melee.
You have sharp fingernails.
You sometimes lose your temper in combat.
Your magical capacity is low. (-10% MP)


Message History

Urug hits you but does no damage.
You are more poisoned.
You miss Urug.
You feel very sick. You block Urug's attack.
You hit Urug but do no damage. Your headbutt misses Urug.
You hit the cane toad.
You feel very sick.
Urug hits you with a +0 demon trident of venom!
You are more poisoned.
The cane toad stings you!
You feel extremely sick.
Urug hits you with a +0 demon trident of venom!!
You are lethally poisoned!
Urug attacks as you move away! Urug closely misses you.
You furiously retaliate!
You headbutt Urug.
* * * LOW HITPOINT WARNING * * *
You feel extremely sick.
Urug hits you from afar with a +0 demon trident of venom!
* * * LOW HITPOINT WARNING * * *
You are more poisoned.
You feel much better.
* * * LOW HITPOINT WARNING * * *
You feel extremely sick. You block the cane toad's attack.
Urug hits you from afar with a +0 demon trident of venom!
* * * LOW HITPOINT WARNING * * *
You are more poisoned.
You block the cane toad's attack.
You feel better.
Urug grins and says, "Time to carve some turkeys."
Urug hits you from afar with a +0 demon trident of venom.
* * * LOW HITPOINT WARNING * * *
You are poisoned.
The cane toad stings you!
* * * LOW HITPOINT WARNING * * *
You are more poisoned.
The cane toad poisons you!
You feel yourself speed up.
You die...

#P.........#...##
..##..............#
...#.............#
................#
...............<#
#.........#...#
#.............#
..##.........#...#
...P.......F@....#
...)......o......#
.............#...#
##.#..........####
# #.........##
#.........#
#.........#
#.........#


You could see Urug and a cane toad.

Vanquished Creatures
  Joseph (D:7)
  A cane toad (D:8)
  Grinder (D:3)
  Prince Ribbit (D:6)
  Sigmund (D:3)
  3 water moccasins
  3 sky beasts
  An orc warrior (D:8)
  An ice beast (D:5)
  A black bear (D:3)
  4 ogres
  5 centaurs
  3 phantoms
  2 kobold brigands
  A gnoll sergeant (D:8)
  2 bullfrogs
  4 scorpions
  2 water moccasin zombies (D:5)
  3 wights
  A water moccasin skeleton (D:5)
  A howler monkey (D:5)
  5 bullfrog zombies (D:5)
  3 centaur zombies (D:5)
  The ghost of P0WERM0DE the Chiller, a weakling TeIE (D:3)
  3 hounds
  3 jellies
  2 gnoll boudas
  2 bullfrog skeletons (D:5)
  6 orc priests
  4 orc wizards
  2 scorpion zombies (D:5)
  An iguana (D:4)
  A hound zombie (D:5)
  2 mummies (Ossuary)
  6 adders
  18 gnolls
  4 shadow imps (D:8)
  5 white imps
  2 ufetubi
  An adder skeleton (D:5)
  4 worms
  4 dart slugs
  18 orcs
  2 bats (D:1)
  9 endoplasms
  2 giant cockroaches
  5 gnoll zombies (Ossuary)
  4 goblins
  12 hobgoblins
  12 jackals
  5 quokkas
  9 ball pythons
  6 frilled lizards
  4 goblin zombies (Ossuary)
  A hobgoblin zombie (Ossuary)
  17 kobolds
  4 orc zombies (Ossuary)
  5 rats (D:1)
236 creatures vanquished.

Vanquished Creatures (others)
  A demonic plant (D:8)
  A withered plant (D:5)
2 creatures vanquished.

Grand Total: 238 creatures vanquished

Notes
Turn   | Place    | Note
-------+----------+-------------------------------------------
     0 | D:1      | Qestes the Minotaur Fighter began the quest for the Orb.
     0 | D:1      | Reached XP level 1. HP: 19/19 MP: 0/0
    54 | D:1      | Reached XP level 2. HP: 6/27 MP: 1/1
   285 | D:1      | Reached XP level 3. HP: 33/33 MP: 2/2
   509 | D:1      | Gained mutation: You do not regenerate when monsters are
                  | visible. [potion of mutation]
   825 | D:2      | Lost mutation: You do not regenerate when monsters are
                  | visible. [potion of mutation]
   825 | D:2      | Gained mutation: You sometimes lose your temper in combat.
                  | [potion of mutation]
   825 | D:2      | Gained mutation: You have sharp fingernails. [potion of
                  | mutation]
   825 | D:2      | Gained mutation: Your magical capacity is low. (-10% MP)
                  | [potion of mutation]
  1173 | D:2      | Reached XP level 4. HP: 41/41 MP: 2/2
  1505 | D:3      | Noticed Grinder
  1507 | D:3      | Noticed Sigmund
  1512 | D:3      | Paralysed by Grinder for 2 turns
  1652 | D:3      | Noticed a black bear
  1660 | D:3      | Killed a black bear
  1661 | D:3      | Reached XP level 5. HP: 32/47 MP: 3/3
  1701 | D:3      | Found a runed translucent gate.
  1701 | D:3      | Found a runed translucent gate.
  1701 | D:3      | Found a runed translucent gate.
  1701 | D:3      | Noticed P0WERM0DE's ghost (weakling TeIE)
  1798 | D:3      | Reached skill level 5 in Shields
  1803 | D:3      | Reached skill level 5 in Fighting
  1803 | D:3      | Reached skill level 5 in Armour
  1874 | D:3      | Killed P0WERM0DE's ghost
  2065 | D:3      | Reached XP level 6. HP: 56/56 MP: 4/4
  2080 | D:3      | Killed Sigmund
  2141 | D:3      | Paralysed by Grinder for 4 turns
  2161 | D:3      | Paralysed by Grinder for 4 turns
  2169 | D:3      | Killed Grinder
  2170 | D:3      | Reached skill level 5 in Axes
  2170 | D:3      | Reached XP level 7. HP: 31/62 MP: 5/5
  2298 | D:4      | Found Puxzashrupt's Antique Armour Emporium.
  2475 | D:4      | Found Etuu's Assorted Antiques.
  2488 | D:4      | Bought a scroll labelled HYTARO CAPE for 28 gold pieces
  2701 | D:4      | Found Heraziom's Weapon Emporium.
  3063 | D:4      | Identified the +4 falchion of Ukhute Miul {drain, *Noise
                  | rElec rCorr}
  3234 | D:4      | Found a large runed translucent door.
  3234 | D:4      | Found a large runed translucent door.
  3422 | D:4      | Found a basalt altar of Yredelemnul.
  3427 | D:4      | Reached XP level 8. HP: 68/71 MP: 6/6
  3429 | D:4      | Found an iron altar of Okawaru.
  3445 | D:4      | Became a worshipper of Warmaster Okawaru
  3532 | D:5      | Entered Level 5 of the Dungeon
  3639 | D:5      | Reached * piety under Okawaru
  3741 | D:5      | Reached ** piety under Okawaru
  3742 | D:5      | Reached XP level 9. HP: 42/81 MP: 7/7
  3886 | D:5      | Found a staircase to the Ecumenical Temple.
  4073 | D:5      | Found an ancient bone altar of Kikubaaqudgha.
  4117 | D:5      | Found a sand-covered staircase.
  4125 | Ossuary  | Entered an ossuary
  4669 | D:5      | Reached *** piety under Okawaru
  4787 | D:6      | Found a blossoming altar of Fedhas.
  4853 | D:6      | Found Kuohaj's Distillery.
  4859 | D:6      | Bought a potion of heal wounds for 70 gold pieces
  4859 | D:6      | Bought a potion of curing for 42 gold pieces
  4930 | D:7      | Noticed Prince Ribbit
  5221 | D:6      | Killed Prince Ribbit
  5337 | D:7      | Noticed Joseph
  5540 | D:7      | Killed Joseph
  5541 | D:7      | Reached XP level 10. HP: 89/91 MP: 8/8
  5624 | D:7      | Found a runed translucent door.
  5625 | D:7      | Noticed Crazy Yiuf
  5658 | D:7      | Found a sparkling altar of Nemelex Xobeh.
  5763 | D:7      | Identified the +1 leather armour of Niegoc {Fly Regen+}
  5900 | D:7      | Found a hazy altar of Hepliaklqana.
  6180 | D:8      | Reached **** piety under Okawaru
  6222 | D:8      | Found Cheibriados's Comfort Zone.
  6222 | D:8      | Found a snail-covered altar of Cheibriados.
  6369 | D:8      | Found a staircase to the Lair.
  6610 | D:8      | Found a sacrificial altar of Ru.
  7416 | Temple   | Entered the Ecumenical Temple
  7605 | D:8      | Upgraded the game from 0.30-a0-916-g98134172ad to
                  | 0.30-a0-923-g828ccac5a3
  7628 | Lair:1   | Entered Level 1 of the Lair of Beasts
  7637 | Lair:1   | Noticed Urug
  7648 | Lair:1   | Noticed a cane toad
  7660 | D:8      | Killed a cane toad
  7661 | D:8      | Reached skill level 10 in Fighting
  7661 | D:8      | Reached skill level 10 in Armour
  7661 | D:8      | Reached skill level 10 in Shields
  7785 | Lair:1   | Noticed a cane toad
  7794 | Lair:1   | Succumbed to a cane toad's poison

Illustrated notes

Levels and vault maps discovered:
D:1:      erik_arrival_blinker_ship, layout_rooms, hex_tiny
D:2:      layout_basic, minmay_misc_feat_pillars, minmay_tiny_reverse_x
D:3:      layout_basic, ebering_ghost_rock_garden, minivault_27, uniq_sigmund,
          uniq_grinder
D:4:      minmay_clustersquares, layout_loops_ring, jmf_multi_god_temple2,
          serial_shops, nicolae_stop_n_shop_1, nicolae_stop_n_shop_1,
          nicolae_shop_bloodbath_and_beyond
D:5:      layout_basic, mainiacjoe_overflow_alcove_2,
          minmay_temple_entry_statues, serial_undead, serial_undead_e,
          serial_undead_d, serial_undead_e, serial_undead_a, serial_undead_e,
          serial_undead_d, serial_undead_c, nicolae_ossuary_entry_monument
D:6:      layout_rooms, mainiacjoe_overflow_six_doors_small, serial_shops, shop
D:7:      layout_cave_pools, mainiacjoe_overflow_surrounded_room,
          mainiacjoe_overflow_brackets, minivault_25, uniq_crazy_yiuf_cottage,
          uniq_joseph, uniq_prince_ribbit1
D:8:      layout_cave_pools, mainiacjoe_overflow_chevrons, lair_entry_dummy,
          serial_demonic, serial_demonic_f, serial_demonic_e, serial_demonic_b,
          serial_demonic_e, minmay_shop_chei
D:9:      layout_loops_corners, zombieorc1_lemuel, uniq_amaemon
Temple:   jpeg_temple_clearing
Lair:1:   layout_gridlike, lemuel_fruit_fields, uniq_urug

Skill      XL: |  1  2  3  4  5  6  7  8  9 10 |
---------------+-------------------------------+-----
Shields        | 4 5 6 8 9 10 | 10.0
Fighting       | 4 5 6 8 9 10 | 10.0
Armour         | 4 5 6 8 9 10 | 10.0
Axes           | 3 4 5 7 9 |  9.6

Action                     |  1- 3 |  4- 6 |  7- 9 | 10-12 || total
---------------------------+-------+-------+-------+-------++-------
  Melee: War axe           |    93 |    77 |   330 |    87 ||   587
         Headbutt          |    13 |    12 |    63 |    10 ||    98
  Throw: Stone             |       |     7 |     9 |     3 ||    19
    Use: Scroll            |     5 |     3 |     6 |     4 ||    18
         Potion            |     4 |     2 |     4 |     3 ||    13
 Armour: Scale mail        |    48 |    39 |   123 |       ||   210
         Chain mail        |       |       |    40 |    44 ||    84
  Dodge: Dodged            |    52 |    42 |   108 |    37 ||   239
  Block: Buckler           |    25 |    14 |   198 |    77 ||   314
         Reflection        |       |       |    26 |     7 ||    33

Table legend: (Time is in decaauts)
 A = Elapsed time spent in this place.
 B = Non-inter-level travel time spent in this place.
 C = Inter-level travel time spent in this place.
 D = Time resting spent in this place.
 E = Time spent auto-exploring this place.
 F = Levels seen in this place.
 G = Mean time per level.
                   A        B        C        D        E       F      G
               +--------+--------+--------+--------+--------+-----+--------+
         Total |   8003 |   7784 |    219 |   2214 |   2443 |  12 |  666.9 |
       Dungeon |   7643 |   7437 |    206 |   2114 |   2378 |   9 |  849.2 |
        Temple |    108 |     95 |     13 |      0 |     65 |   1 |  108.0 |
          Lair |     42 |     42 |      0 |      0 |      0 |   1 |   42.0 |
       Ossuary |    208 |    208 |      0 |    100 |      0 |   1 |  208.0 |
               +--------+--------+--------+--------+--------+-----+--------+

Top non-repeatable levels by time:
     D:4: 1289 daAuts
     D:3: 1061 daAuts
     D:5: 1021 daAuts
     D:7: 1016 daAuts
     D:8: 969 daAuts
     D:6: 888 daAuts
     D:2: 761 daAuts
     D:1: 538 daAuts
 Ossuary: 208 daAuts
  Temple: 108 daAuts
     D:9: 96 daAuts
  Lair:1: 42 daAuts
